 Dungeon Crawl Stone Soup version 0.28.0-43-g3370ac3207 (webtiles) character file.

Game seed: 13780891726451630635

211 MisterFreud the Cutter (level 5, -2/47 HPs)
             Began as a Gnoll Cinder Acolyte on Mar 5, 2022.
             Was a High Priest of Ignis.
             Slain by Duvessa
             ... wielding a +0 short sword
              (7 damage)
             ... on level 4 of the Dungeon.
             The game lasted 00:03:07 (3609 turns).

MisterFreud the Cutter (Gnoll Cinder Acolyte)       Turns: 3609, Time: 00:03:08

Health: -2/47      AC:  3    Str: 13    XL:     5   Next: 88%
Magic:  3/9        EV: 11    Int: 15    God:    Ignis [*****.]
Gold:   112        SH:  0    Dex:  8    Spells: 8/10 levels left

rFire   + . .      SeeInvis .   a - -1 short sword (flame)
rCold   . . .      Faith    .   (no shield)
rNeg    . . .      Spirit   .   b - +0 robe
rPois   .          Reflect  .   (no helmet)
rElec   .          Harm     .   (no cloak)
rCorr   .          Rampage  .   (no gloves)
Will    .....                   f - +0 pair of boots
Stlth   +.........              (no amulet)
HPRegen 0.15/turn               (no ring)
MPRegen 0.11/turn               (no ring)

@: no status effects
A: fangs 1, strong nose, distributed training
a: Renounce Religion, Fiery Armour, Foxfire Swarm, Rising Flame


You were on level 4 of the Dungeon.
You worshipped Ignis.
Ignis was extremely pleased with you.
You visited 1 branch of the dungeon, and saw 4 of its levels.

You collected 112 gold pieces.

Inventory:

Hand Weapons
 a - a -1 short sword of flaming (weapon)
 h - a +0 dagger of holy wrath
Missiles
 c - 3 javelins (quivered)
Armour
 b - a +0 robe (worn)
 f - a +0 pair of boots (worn)
Jewellery
 j - a ring of protection from cold
Scrolls
 e - a scroll of fog {unknown}
 g - 5 scrolls of teleportation {unknown}
 i - a scroll of magic mapping {unknown}
Potions
 d - a potion of degeneration {unknown}


   Skills:
 + Level 6.7 Fighting
 + Level 6.7 Short Blades
 + Level 1.6 Long Blades
 + Level 1.6 Axes
 + Level 1.6 Maces & Flails
 + Level 1.6 Polearms
 + Level 1.6 Staves
 + Level 1.6 Slings
 + Level 1.6 Bows
 + Level 1.6 Crossbows
 + Level 1.6 Throwing
 + Level 1.6 Armour
 + Level 1.6 Dodging
 + Level 1.6 Stealth
 + Level 1.6 Shields
 + Level 1.6 Unarmed Combat
 + Level 3.2 Spellcasting
 + Level 1.3 Conjurations
 + Level 1.3 Hexes
 + Level 1.3 Summonings
 + Level 1.3 Necromancy
 + Level 1.3 Translocations
 + Level 1.3 Transmutations
 + Level 5.6 Fire Magic
 + Level 1.3 Ice Magic
 + Level 1.3 Air Magic
 + Level 1.3 Earth Magic
 + Level 1.3 Poison Magic
 + Level 1.9 Invocations
 + Level 1.6 Evocations


You had 8 spell levels left.
You knew the following spells:

 Your Spells              Type           Power      Damage    Failure   Level
a - Scorch                Fire           38%        2d7       3%          2

Your spell library contained the following spells:

 Spells                   Type           Power      Damage    Failure   Level
 Apportation              Tloc           12%        N/A       12%         1
 Ozocubu's Armour         Ice            6%         N/A       34%         3
 Fireball                 Conj/Fire      6%         3d5       78%         5
 Alistair's Intoxication  Tmut/Pois      4%         N/A       97%         5
 Metabolic Englaciation   Hex/Ice        3%         N/A       97%         5
 Simulacrum               Ice/Necr       3%         N/A       100%        6
 Starburst                Conj/Fire      6%         6d4       100%        6
 Ignition                 Fire           9%         3d5       100%        8


Dungeon Overview and Level Annotations

Branches:
Dungeon (4/15)
 Temple: D:4-7

Altars:

Annotations:
D:4 Dowan, Duvessa, Pikel


Innate Abilities, Weirdness & Mutations

You have very sharp teeth.
Your uncanny sense of smell can sniff out nearby items.
Your experience applies equally to all skills.


Message History

Confirm with . or Enter, or press ? or * to list all spells.
Flames lash Duvessa.
Duvessa is burned terribly!
Duvessa is severely wounded.
Duvessa hits you with a +0 short sword.
Casting: Scorch (safe; 3% risk of failure)
Confirm with . or Enter, or press ? or * to list all spells.
Flames lash Duvessa but do no damage.
Dowan gestures at Duvessa while chanting.
Duvessa seems to speed up.
Duvessa drinks a potion.
Duvessa is healed!
Casting: Scorch (safe; 3% risk of failure)
Confirm with . or Enter, or press ? or * to list all spells.
Flames lash Duvessa.
Duvessa is burned terribly!
Duvessa is moderately wounded.
Duvessa hits you with a +0 short sword.
Unknown command.
Casting: Scorch (safe; 3% risk of failure)
Confirm with . or Enter, or press ? or * to list all spells.
You don't have enough magic to cast this spell.
Unknown command.
Duvessa closely misses you.
Things that are here:
a +0 dagger; a kobold corpse Duvessa hits you with a +0 short sword.
Duvessa hits you with a +0 short sword!
Duvessa says, "When magic and the sword combine, nothing stands against them."
Duvessa hits you with a +0 short sword! Duvessa hits you with a +0 short sword.
Duvessa says, "Where magic fails, the sword succeeds!"
Duvessa barely misses you.
Dowan says, "My weaknesses are her strengths!"
Dowan mumbles some strange words.
Dowan blinks!
Duvessa barely misses you.
Duvessa is no longer more vulnerable to fire.
Duvessa hits you with a +0 short sword!
* * * LOW HITPOINT WARNING * * *
Duvessa hits you with a +0 short sword!
* * * LOW HITPOINT WARNING * * *
Duvessa hits you with a +0 short sword!
You die...

#.# ##.#)## #.#
#.###.# #.# #..#.##
#.# #.#.## #.# #.###
#.# #.#
######.####.###
####.............####
#...@e........##.....
##.##>########.#######
.#......## #.#
#.......<.# #.#
..........# #.#
..........# #.#
#.#......#. ... #
#..(####.# #.# .....
∆.# #.#


You could see Duvessa (fast).

Vanquished Creatures
  A necrophage (D:3)
  A hound (D:3)
  3 adders
  A gnoll (D:1)
  2 worms (D:2)
  2 dart slugs (D:1)
  4 endoplasms
  4 giant cockroaches
  5 goblins
  6 hobgoblins
  3 jackals
  3 quokkas
  4 bats
  4 frilled lizards
  8 kobolds
  3 rats (D:2)
54 creatures vanquished.

Notes
Turn   | Place    | Note
-------+----------+-------------------------------------------
     0 | D:1      | MisterFreud the Gnoll Cinder Acolyte began the quest for
                  | the Orb.
     0 | D:1      | Reached XP level 1. HP: 23/23 MP: 4/4
    76 | D:1      | Reached XP level 2. HP: 20/29 MP: 5/5
    79 | D:1      | Learned a level 2 spell: Scorch
   334 | D:1      | Found a faded altar of an unknown god.
   854 | D:1      | Reached XP level 3. HP: 35/35 MP: 4/7
  1453 | D:2      | Reached skill level 1 in Invocations
  1922 | D:2      | Reached skill level 1 in Long Blades
  1922 | D:2      | Reached skill level 1 in Axes
  1922 | D:2      | Reached skill level 1 in Maces & Flails
  1922 | D:2      | Reached skill level 1 in Polearms
  1922 | D:2      | Reached skill level 1 in Staves
  1922 | D:2      | Reached skill level 1 in Slings
  1922 | D:2      | Reached skill level 1 in Bows
  1922 | D:2      | Reached skill level 1 in Crossbows
  1922 | D:2      | Reached skill level 1 in Throwing
  1922 | D:2      | Reached skill level 1 in Armour
  1922 | D:2      | Reached skill level 1 in Dodging
  1922 | D:2      | Reached skill level 1 in Stealth
  1922 | D:2      | Reached skill level 1 in Shields
  1922 | D:2      | Reached skill level 1 in Unarmed Combat
  1922 | D:2      | Reached skill level 1 in Evocations
  1922 | D:2      | Reached XP level 4. HP: 41/41 MP: 1/8
  2779 | D:3      | Reached skill level 1 in Conjurations
  2779 | D:3      | Reached skill level 1 in Hexes
  2779 | D:3      | Reached skill level 1 in Summonings
  2779 | D:3      | Reached skill level 1 in Necromancy
  2779 | D:3      | Reached skill level 1 in Translocations
  2779 | D:3      | Reached skill level 1 in Transmutations
  2779 | D:3      | Reached skill level 1 in Ice Magic
  2779 | D:3      | Reached skill level 1 in Air Magic
  2779 | D:3      | Reached skill level 1 in Earth Magic
  2779 | D:3      | Reached skill level 1 in Poison Magic
  2785 | D:3      | Reached XP level 5. HP: 34/47 MP: 0/9
  2996 | D:3      | Noticed a necrophage
  3001 | D:3      | Killed a necrophage
  3492 | D:4      | Noticed Pikel
  3492 | D:4      | Noticed a lemure
  3492 | D:4      | Noticed a lemure
  3492 | D:4      | Noticed a lemure
  3492 | D:4      | Noticed a lemure
  3576 | D:4      | Noticed Duvessa
  3586 | D:4      | Noticed Dowan
  3609 | D:4      | Slain by Duvessa

Illustrated notes

Levels and vault maps discovered:
D:1:      scummos_arrival_checkerplants, layout_loops_corners,
          shapermc_ecumenical_altar_petra
D:2:      layout_loops_corners
D:3:      layout_loops_ring
D:4:      layout_loops_ring, minmay_temple_entry_mist,
          minmay_misc_feat_secret_circle, uniq_grinder, uniq_duvessa,
          uniq_pikel, uniq_edmund

Skill      XL: |  1  2  3  4 |
---------------+-------------+-----
Invocations    | 1 |  1.9
Long Blades    | 1 |  1.6
Axes           | 1 |  1.6
Maces & Flails | 1 |  1.6
Polearms       | 1 |  1.6
Staves         | 1 |  1.6
Slings         | 1 |  1.6
Bows           | 1 |  1.6
Crossbows      | 1 |  1.6
Throwing       | 1 |  1.6
Armour         | 1 |  1.6
Dodging        | 1 |  1.6
Stealth        | 1 |  1.6
Shields        | 1 |  1.6
Unarmed Combat | 1 |  1.6
Evocations     | 1 |  1.6
Spellcasting   | 3 |  3.2
Conjurations   | 1 |  1.3
Hexes          | 1 |  1.3
Summonings     | 1 |  1.3
Necromancy     | 1 |  1.3
Translocations | 1 |  1.3
Transmutations | 1 |  1.3
Ice Magic      | 1 |  1.3
Air Magic      | 1 |  1.3
Earth Magic    | 1 |  1.3
Poison Magic   | 1 |  1.3
Fighting       | |  6.7
Short Blades   | |  6.7
Fire Magic     | |  5.6

Action                   |  1- 3 |  4- 6 || total
-------------------------+-------+-------++-------
Melee: Short sword       |    23 |    17 ||    40
       Bite              |       |     3 ||     3
Throw: Javelin           |       |     1 ||     1
 Cast: Scorch            |    28 |    36 ||    64
Armor: Robe              |     4 |     3 ||     7
Dodge: Dodged            |    13 |    27 ||    40
